 Dungeon Crawl Stone Soup version 0.24-a0-11-g46ee55f (webtiles) character file.

Game seed: 11657682049198621644

1337 David the Slinger (level 8, -3/54 HPs)
             Began as a Human Arcane Marksman on Jan 31, 2019.
             Was a Follower of Cheibriados.
             Succumbed to a hornet's poison
             ... on level 7 of the Dungeon.
             The game lasted 00:32:39 (6452 turns).

David the Slinger (Human Arcane Marksman)           Turns: 6452, Time: 00:32:40

Health: -3/54      AC:  9    Str: 19    XL:     8   Next: 92%
Magic:  7/9        EV: 12    Int: 20    God:    Cheibriados [*.....]
Gold:   310        SH:  0    Dex: 18    Spells: 8/9 levels left

rFire    + + +     SeeInvis .   b - +8 hunting sling of Doom {flame, rElec rF+ Int+3}
rCold    + . .     Gourm    .   (no shield)
rNeg     . . .     Faith    .   x - +1 ring mail {rF+}
rPois    .         Spirit   .   v - +0 helmet
rElec    +         Reflect  .   r - scarf {rC+ rF+}
rCorr    .         Harm     .   y - +1 pair of gloves {Str+3}
MR       .....                  (no boots)
Stlth    +.........             (no amulet)
HPRegen  0.18/turn              n - +2 ring of strength
MPRegen  0.11/turn              C - +3 ring of slaying

@: lethally poisoned (-3 -> -32), slowed, very slow
A: no striking features
a: Bend Time, Renounce Religion


You were on level 7 of the Dungeon.
You worshipped Cheibriados.
Cheibriados was aware of your devotion.
You were not hungry.

You visited 2 branches of the dungeon, and saw 8 of its levels.

You collected 310 gold pieces.

Inventory:

Hand Weapons
 a - a +0 hand crossbow
 b - the +8 hunting sling of Doom (weapon) {flame, rElec rF+ Int+3}
   (You found it on level 7 of the Dungeon)

   It causes projectiles fired from it to burn those they strike, causing extra
   injury to most foes and up to half again as much damage against particularly
   susceptible opponents.
   It affects your intelligence (+3).
   It protects you from fire.
   It insulates you from electricity.
 B - a +3 hunting sling
Missiles
 d - 15 bolts
 k - 118 stones (quivered)
 m - 5 sling bullets
Armour
 e - a +1 robe
 r - a scarf of resistance (worn)
 s - a +0 leather armour
 v - a +0 helmet (worn)
 x - a +1 ring mail of fire resistance (worn)
 y - a +1 pair of gloves of strength (worn)
Jewellery
 n - a +2 ring of strength (left hand)
 A - a -3 ring of strength
 C - a +3 ring of slaying (right hand)
 E - an uncursed ring of ice
Wands
 u - a wand of flame (15)
Scrolls
 c - 3 scrolls of amnesia
 o - 4 scrolls of teleportation
 z - a scroll of identify
Potions
 g - 3 potions of curing
 h - 3 potions of flight
 i - a potion of degeneration
 j - a potion of cancellation
 l - a potion of resistance {unknown}
 p - 3 potions of brilliance {unknown}
 q - a potion of berserk rage {unknown}
 t - a potion of might {unknown}
 w - a potion of lignification {unknown}
 D - a potion of invisibility {unknown}
 F - a potion of haste {unknown}
Comestibles
 f - 14 rations


   Skills:
 - Level 1.0 Fighting
 + Level 9.5 Slings
 - Level 4.0 Crossbows
 - Level 2.0 Dodging
 - Level 1.0 Spellcasting
 - Level 3.0 Hexes


You had 8 spell levels left.
You knew the following spells:

 Your Spells              Type           Power        Failure   Level  Hunger
a - Corona                Hex            ##.....      9%          1    ##.....

Your spell library contained the following spells:

 Spells                   Type           Power        Failure   Level  Hunger
 Slow                     Hex            ##......     13%         2    ###....
 Poisonous Vapours        Pois/Air       #.....       41%         2    ###....
 Inner Flame              Hex/Fire       #.......     43%         3    ####...
 Portal Projectile        Hex/Tloc       #.....       43%         3    ####...
 Conjure Flame            Conj/Fire      #.......     65%         3    ####...
 Mephitic Cloud           Conj/Pois/Air  #.......     65%         3    ####...
 Cause Fear               Hex            ##........   65%         4    #####..
 Leda's Liquefaction      Hex/Erth       #.........   85%         4    #####..
 Freezing Cloud           Conj/Ice/Air   #.........   100%        6    #######
 Ring of Flames           Chrm/Fire      #.........   100%        7    #######


Dungeon Overview and Level Annotations

Branches:
Dungeon (7/15)             Temple (1/1) D:4

Altars:
Cheibriados
Fedhas
Gozag
Nemelex Xobeh
Okawaru
Qazlal
Ru
Sif Muna
Trog
Vehumet
Yredelemnul
Zin
The Shining One

Shops:
D:6 ?:


Message History

Your magical effects are unravelling.
You feel magically purged.
You feel yourself speed up.
You feel sick. The hornet stings you.
You are more poisoned.
You feel yourself slow down. The hornet stings you.
You are lethally poisoned!
You feel as though you will be slow longer.
The hornet closely misses you.
You feel very sick. The hornet closely misses you. The hornet stings you!
* * * LOW HITPOINT WARNING * * *
You are more poisoned.
You feel as though you will be slow longer.
You see here a club.
* * * LOW HITPOINT WARNING * * *
You feel very sick. The hornet closely misses you.
The hornet stings you but does no damage.
You die...

# #### .# ###..##.. ##
##+## ##..##.##. #.
##.##..)## #.#####.#.
#W##..#W...[##
#.#..##.#.
#S..#'y.@.['##
##.##.##'.
#..#))...#.##..#.#.###.
##.##...##.#####.##. #.
#####+####.##..## .##.
##..### ##.. #### ##...
#.... #.... #....


You could see a phantom and a hornet.

Vanquished Creatures
  Eustachio (D:6)
  3 ice beasts
  2 ogres
  Blork the orc (D:6)
  A bullfrog (D:6)
  A howler monkey (D:7)
  3 crimson imps
  3 orc wizards
  A hound (D:5)
  A jelly (D:6)
  Jessica (D:3)
  An iguana (D:4)
  3 worker ants
  A howler monkey skeleton (D:5)
  A gnoll (D:1)
  7 adders
  A shadow imp (D:5)
  An ooze (D:3)
  An adder zombie (D:5)
  An adder skeleton (D:6)
  4 worms
  A dart slug (D:2)
  2 leopard geckos
  14 orcs
  A ball python (D:1)
  6 giant cockroaches
  8 goblins
  10 hobgoblins
  7 jackals
  11 kobolds
  A quokka (D:2)
  6 bats
  3 frilled lizards
  15 rats
124 creatures vanquished.

Notes
Turn   | Place    | Note
-------+----------+-------------------------------------------
     0 | D:1      | David the Human Arcane Marksman began the quest for the
                  | Orb.
     0 | D:1      | Reached XP level 1. HP: 15/15 MP: 2/2
    61 | D:1      | Reached XP level 2. HP: 21/21 MP: 3/3
   274 | D:1      | Reached XP level 3. HP: 26/26 MP: 4/4
  1332 | D:1      | Reached XP level 4. HP: 29/32 MP: 5/5
  1725 | D:2      | Reached skill level 1 in Slings
  2027 | D:2      | Found a stormy altar of Qazlal.
  2029 | D:2      | Noticed a fire elemental
  2032 | D:2      | Noticed an air elemental
  2032 | D:2      | Noticed a water elemental
  2032 | D:2      | Noticed an earth elemental
  2235 | D:3      | Noticed Jessica
  2245 | D:3      | Killed Jessica
  2245 | D:3      | Reached skill level 2 in Slings
  2245 | D:3      | Reached XP level 5. HP: 34/37 MP: 6/6
  2435 | D:3      | Reached skill level 3 in Slings
  3166 | D:4      | Reached XP level 6. HP: 43/43 MP: 7/7
  3300 | D:4      | Reached skill level 4 in Slings
  3706 | D:4      | Noticed an ogre
  3941 | D:4      | Found a staircase to the Ecumenical Temple.
  3961 | D:4      | Killed an ogre
  3961 | D:4      | Reached skill level 5 in Slings
  4011 | Temple   | Entered the Ecumenical Temple
  4111 | Temple   | Became a worshipper of Cheibriados the Contemplative
  4367 | D:4      | Reached XP level 7. HP: 35/48 MP: 8/8
  4481 | D:5      | Entered Level 5 of the Dungeon
  4825 | D:5      | Reached skill level 6 in Slings
  4937 | D:5      | Reached skill level 7 in Slings
  5011 | D:5      | Reached * piety under Cheibriados
  5011 | D:5      | Reached XP level 8. HP: 54/54 MP: 9/9
  5390 | D:6      | Found Ygesch's Magic Scroll Shop.
  5390 | D:6      | Found Cealom's Book Shop.
  5568 | D:6      | Noticed Eustachio
  5579 | D:6      | Killed Eustachio
  5579 | D:6      | Reached skill level 8 in Slings
  5942 | D:6      | Noticed Blork the orc
  5955 | D:6      | Killed Blork the orc
  6164 | D:6      | Reached skill level 9 in Slings
  6299 | D:7      | Found a blossoming altar of Fedhas.
  6417 | D:7      | Got a transparent hunting sling
  6420 | D:7      | Identified the +8 hunting sling of Doom {flame, rElec rF+
                  | Int+3} (You found it on level 7 of the Dungeon)
  6446 | D:7      | Noticed a hornet
  6451 | D:7      | HP: 1/54 [poisoned by a hornet]
  6452 | D:7      | Succumbed to a hornet's poison

Vault maps used:
D:1:      dpeg_arrival_shelter, minmay_rat_gold_closets
D:2:      nicolae_qazlal_style_of_elements
D:3:      serial_corexii_hall, corexii_hall_statues_s, corexii_hall_statues_i,
          chequers_hall_statues_y, corexii_hall_statues_l, uniq_jessica
D:4:      minmay_temple_entry_stoned_glass
D:5:      first_ration
D:6:      serial_shops, shop, nicolae_shop_crystal, uniq_eustachio,
          uniq_blork_the_orc
D:7:      minmay_the_grid_octo_tiled_squarecenter, fedhas_altar_3
Temple:   nicolae_temple_god_jail

Skill      XL: |  1  2  3  4  5  6  7  8 |
---------------+-------------------------+-----
Crossbows      | 3 4 |  4.0
Slings         | 2 3 5 7 9 |  9.5
Fighting       | |  1.0
Dodging        | |  2.0
Spellcasting   | |  1.0
Hexes          | |  3.0

Action                   |  1- 3 |  4- 6 |  7- 9 || total
-------------------------+-------+-------+-------++-------
Melee: Unarmed           |     4 |       |       ||     4
 Fire: Hand crossbow     |    90 |     5 |       ||    95
       Hunting sling     |     7 |   298 |   174 ||   479
Throw: Stone             |     5 |       |       ||     5
Invok: Bend Time         |       |       |     1 ||     1
  Use: Potion            |     1 |     1 |     3 ||     5
       Scroll            |       |     8 |     8 ||    16
  Eat: Ration            |     1 |     2 |     2 ||     5
Armor: Robe              |     9 |    20 |       ||    29
       Leather armour    |       |    20 |       ||    20
       Ring mail         |       |       |    22 ||    22
Dodge: Dodged            |    24 |    81 |    38 ||   143

Table legend:
 A = Non-vault XP
 B = Vault XP
 C = Vault XP percentage of total XP
 D = Non-vault monster count
 E = Vault monster count
 F = Vault count percentage of total count
                 A         B        C        D         E       F
            +---------+---------+-------+---------+---------+-------
      Total |    1494 |     416 |  21.8 |     111 |      13 |  10.5
            +---------+---------+-------+---------+---------+-------
        D:1 |      64 |       8 |  11.1 |      31 |       8 |  20.5
        D:2 |      39 |       0 |   0.0 |      15 |       0 |   0.0
        D:3 |      90 |      37 |  29.1 |      18 |       1 |   5.3
        D:4 |     305 |       0 |   0.0 |      23 |       0 |   0.0
        D:5 |     518 |       0 |   0.0 |      14 |       0 |   0.0
        D:6 |     339 |     282 |  45.4 |       8 |       2 |  20.0
        D:7 |     139 |      89 |  39.0 |       2 |       2 |  50.0
            +---------+---------+-------+---------+---------+-------
